 Dungeon Crawl Stone Soup version 0.23.0 (webtiles) character file.

Game seed: 2490910257735991943

1685 swicky the Slicer (level 8, -2/73 HPs)
             Began as a Minotaur Berserker on Feb 13, 2019.
             Was an Elder of Trog.
             Slain by a hornet (5 damage)
             ... on level 7 of the Dungeon.
             The game lasted 00:21:12 (4678 turns).

swicky the Slicer (Minotaur Berserker)              Turns: 4678, Time: 00:21:12

Health: -2/73      AC: 12    Str: 27    XL:     8   Next: 71%
Magic:  7/7        EV:  7    Int:  4    God:    Trog [****..]
Gold:   429        SH:  3    Dex: 12    Spells: 7/7 levels left

rFire    . . .     SeeInvis .   G - +5 mace (freeze)
rCold    . . .     Gourm    .   A - +0 buckler {rN+}
rNeg     + . .     Faith    .   H - +0 plate armour
rPois    .         Spirit   .   (helmet restricted)
rElec    .         Reflect  .   (no cloak)
rCorr    .         Harm     .   (no gloves)
MR       ++...                  (no boots)
Stlth    ..........             m - amulet of rage
HPRegen  1.22/turn              (no ring)
MPRegen  0.10/turn              (no ring)

@: mighty, lethally poisoned (-2 -> -13), regenerating, slowed, studying
Dodging, very slow
A: retaliatory headbutt, horns 2
a: Berserk, Trog's Hand, Brothers in Arms, Renounce Religion, Evoke Berserk Rage


You were on level 7 of the Dungeon.
You worshipped Trog.
Trog was greatly pleased with you.
You were hungry.

You visited 1 branch of the dungeon, and saw 7 of its levels.

You collected 429 gold pieces.

Inventory:

Hand Weapons
 a - a +0 hand axe
 l - a +1 short sword of draining
 n - a +0 war axe
 F - a +2 long sword
 G - a +5 mace of freezing (weapon)
Armour
 b - a +1 helmet
 q - a +0 chain mail
 r - a +0 ring mail
 A - a +0 buckler of positive energy (worn)
 H - a +0 plate armour (worn)
Jewellery
 m - an amulet of rage (around neck)
Wands
 t - a wand of flame (18)
 y - a wand of digging (6)
Scrolls
 d - 4 scrolls of remove curse {unknown}
 f - 5 scrolls of identify
 g - 3 scrolls of amnesia {unknown}
 h - 4 scrolls of teleportation {unknown}
 j - a scroll of enchant armour {unknown}
 s - 3 scrolls of immolation {unknown}
 u - a scroll of blinking {unknown}
 v - a scroll of fear {unknown}
 E - 2 scrolls of random uselessness {unknown}
Potions
 e - 2 potions of might
 i - 2 potions of degeneration {unknown}
 k - 2 potions of mutation {unknown}
 o - a potion of lignification {unknown}
 p - 2 potions of flight {unknown}
 x - a potion of magic {unknown}
 z - a potion of experience {unknown}
 B - a potion of invisibility {unknown}
 D - a potion of cancellation {unknown}
Books
 w - a manual of Dodging
Comestibles
 c - 8 rations


   Skills:
 + Level 7.2 Fighting
 - Level 8.8 Short Blades
 - Level 4.8 Axes
 + Level 5.9 Armour
 - Level 2.7 Dodging


You had 7 spell levels left.
You didn't know any spells.
Your spell library was empty.

Dungeon Overview and Level Annotations

Branches:
Dungeon (7/15)             Temple (0/1) D:5

Altars:
Cheibriados
Dithmenos
Hepliaklqana
Vehumet
Zin
The Shining One

Shops:
D:6 [

Annotations:
D:5 1 runed translucent door, TwoGrow's ghost, amateur DgSu


Innate Abilities, Weirdness & Mutations

You reflexively headbutt those who attack you in melee.
You have a pair of horns on your head.


Message History

You suddenly lose the ability to move!
You can move again.
You fail to use your ability.
You feel very sick. The hornet stings you!
* * * LOW HITPOINT WARNING * * *
You are more poisoned.
You shrug off the repeated paralysis!
The hornet stings you but does no damage.
You feel very mighty all of a sudden.
* * * LOW HITPOINT WARNING * * *
You feel very sick. The hornet stings you.
* * * LOW HITPOINT WARNING * * *
You feel as though you will be slow longer.
The hornet stings you.
* * * LOW HITPOINT WARNING * * *
You feel as though you will be slow longer.
The hornet stings you.
You die...

#...#
#...###
#.....
#....#
.....#
#.####....
#:...y†.#
#@.####..
#........
#..######
#<.......
#..<..###
...##.#
#...# .#
..... #
.......


You could see a hornet.

Vanquished Creatures
  Menkaure (D:4)
  Edmund (D:4)
  An ogre (D:6)
  A gnoll sergeant (D:5)
  3 bullfrogs
  A water moccasin zombie (D:5)
  2 scorpions
  A howler monkey (D:5)
  3 wights (D:6)
  2 crimson imps
  2 hounds
  2 centaur skeletons
  Natasha (twice) (D:2)
  An iguana (D:4)
  6 worker ants
  2 hound skeletons
  Robin (D:3)
  13 gnolls
  A howler monkey skeleton (D:5)
  9 adders
  3 shadow imps (D:5)
  3 oozes
  4 worms
  A dart slug (D:3)
  2 leopard geckos
  11 orcs
  3 giant cockroaches
  10 goblins
  6 hobgoblins
  9 jackals
  5 kobolds
  6 quokkas
  5 bats
  6 frilled lizards
  A giant cockroach zombie (D:5)
  2 goblin skeletons (D:5)
  2 hobgoblin zombies (D:5)
  A jackal zombie (D:4)
  2 kobold zombies (D:5)
  An orc skeleton (D:5)
  3 orc zombies (D:5)
  6 rats
147 creatures vanquished.

Notes
Turn   | Place    | Note
-------+----------+-------------------------------------------
     0 | D:1      | swicky the Minotaur Berserker began the quest for the Orb.
     0 | D:1      | Reached XP level 1. HP: 19/19 MP: 0/0
   158 | D:1      | Reached XP level 2. HP: 27/27 MP: 1/1
   610 | D:2      | Noticed Natasha
   623 | D:2      | Killed Natasha
   623 | D:2      | Reached XP level 3. HP: 18/34 MP: 2/2
   696 | D:2      | Reached XP level 4. HP: 24/41 MP: 3/3
   976 | D:2      | Reached ** piety under Trog
  1084 | D:2      | Found a radiant altar of Vehumet.
  1087 | D:2      | Found a shadowy altar of Dithmenos.
  1087 | D:2      | Found a glowing silver altar of Zin.
  1092 | D:2      | Reached skill level 1 in Short Blades
  1098 | D:2      | Reached skill level 5 in Fighting
  1108 | D:2      | Reached XP level 5. HP: 44/48 MP: 4/4
  1339 | D:2      | Found a hazy altar of Hepliaklqana.
  1339 | D:2      | Found a snail-covered altar of Cheibriados.
  1443 | D:2      | Noticed Natasha
  1456 | D:2      | Killed Natasha
  1608 | D:3      | Noticed Robin
  1615 | D:3      | Reached skill level 2 in Short Blades
  1620 | D:3      | Killed Robin
  1880 | D:3      | Reached skill level 3 in Short Blades
  2407 | D:3      | Reached XP level 6. HP: 45/57 MP: 5/5
  2794 | D:4      | Reached skill level 4 in Short Blades
  2814 | D:4      | Reached *** piety under Trog
  2831 | D:4      | Noticed Edmund
  2841 | D:4      | Killed Edmund
  2841 | D:4      | Reached skill level 5 in Short Blades
  2913 | D:4      | Reached XP level 7. HP: 54/63 MP: 6/6
  2915 | D:4      | Noticed Menkaure
  2922 | D:4      | Killed Menkaure
  3042 | D:4      | Found a sand-covered staircase.
  3192 | D:4      | Reached skill level 6 in Short Blades
  3485 | D:5      | Entered Level 5 of the Dungeon
  3673 | D:5      | Found a runed translucent door.
  3675 | D:5      | Found a staircase to the Ecumenical Temple.
  3677 | D:5      | Noticed TwoGrow's ghost (amateur DgSu)
  3699 | D:5      | Reached skill level 7 in Short Blades
  3739 | D:5      | Reached XP level 8. HP: 70/71 MP: 7/7
  3745 | D:5      | Found a glowing golden altar of the Shining One.
  3752 | D:5      | Reached **** piety under Trog
  4108 | D:6      | Reached skill level 5 in Armour
  4111 | D:6      | Reached skill level 8 in Short Blades
  4240 | D:6      | Found a snail-covered altar of Cheibriados.
  4445 | D:6      | Found Rayh's Armour Shop.
  4668 | D:7      | Noticed a hornet
  4676 | D:7      | Paralysed by a hornet for 1 turns
  4678 | D:7      | HP: 3/73 [hornet (6)]
  4678 | D:7      | Slain by a hornet

Skill      XL: |  1  2  3  4  5  6  7  8 |
---------------+-------------------------+-----
Axes           | 4 |  4.8
Fighting       | 4 5 6 7 |  7.2
Short Blades   | 1 3 5 7 8 |  8.8
Armour         | 3 4 5 |  5.9
Dodging        | |  2.7

Action                   |  1- 3 |  4- 6 |  7- 9 || total
-------------------------+-------+-------+-------++-------
Melee: Hand axe          |    49 |     6 |       ||    55
       Headbutt          |    12 |    29 |    40 ||    81
       Short sword       |       |   150 |   157 ||   307
       Mace              |       |       |     6 ||     6
Invok: Berserk           |     3 |     7 |     5 ||    15
       Trog's Hand       |       |     4 |     4 ||     8
  Use: Scroll            |       |       |     2 ||     2
       Potion            |       |       |     2 ||     2
  Eat: Chunk             |     1 |    16 |    11 ||    28
Armor: Animal skin       |    12 |    12 |       ||    24
       Ring mail         |       |    10 |       ||    10
       Skin              |       |     6 |       ||     6
       Leather armour    |       |     1 |       ||     1
       Chain mail        |       |     1 |    61 ||    62
       Plate armour      |       |       |     8 ||     8
Dodge: Dodged            |    39 |    82 |    56 ||   177
Block: Buckler           |       |       |     5 ||     5
